 Dungeon Crawl Stone Soup version 0.29.0-4-gdea44cf6ec (webtiles) character file.

Game seed: 8574799237896603311

415 greasedhog the Trooper (level 6, -2/41 HPs)
             Began as a Gargoyle Fighter on Aug 28, 2022.
             Slain by an ogre
             ... wielding a +0 giant spiked club
              (9 damage)
             ... on level 5 of the Dungeon.
             The game lasted 00:04:53 (4520 turns).

greasedhog the Trooper (Gargoyle Fighter)           Turns: 4520, Time: 00:04:54

Health: -2/41      AC: 18    Str: 20    XL:     6   Next: 91%
Magic:  6/6        EV:  5    Int:  8    God:
Gold:   296        SH:  4    Dex: 11    Spells: 5/5 levels left

rFire   . . .      SeeInvis .   a - +0 flail
rCold   . . .      Faith    .   c - +0 buckler
rNeg    + . .      Spirit   .   g - +0 plate armour
rPois   ∞          Reflect  .   d - +0 helmet
rElec   +          Harm     .   f - +0 cloak
rCorr   .          Rampage  .   (no gloves)
Will    .....                   (no boots)
Stlth   ..........              (no amulet)
HPRegen 0.13/turn               (no ring)
MPRegen 0.10/turn               (no ring)

@: mighty
A: sickness immunity, AC +4, negative energy resistance 1, electricity
resistance, torment resistance 1, petrification resistance
a: no special abilities


You were on level 5 of the Dungeon.
You visited 1 branch of the dungeon, and saw 5 of its levels.

You collected 296 gold pieces.

Inventory:

Hand Weapons
 a - a +0 flail (weapon)
Armour
 c - a +0 buckler (worn)
 d - a +0 helmet (worn)
 f - a +0 cloak (worn)
 g - a +0 plate armour (worn)
Scrolls
 h - a scroll of silence
 j - a scroll of amnesia
 m - a scroll of fear
 p - a scroll of teleportation
 q - 3 scrolls of magic mapping
 r - 2 scrolls of identify
Potions
 e - 2 potions of heal wounds {unknown}
 i - a potion of degeneration {unknown}
 k - 3 potions of invisibility {unknown}
 l - 3 potions of attraction {unknown}
 n - a potion of resistance {unknown}
 o - a potion of berserk rage {unknown}


   Skills:
 - Level 6.2 Fighting
 * Level 5.2 Maces & Flails
 * Level 3.3 Armour
 - Level 3.2 Shields


You had 5 spell levels left.
You didn't know any spells.
Your spell library contained the following spells:

 Spells                   Type           Power      Damage    Failure   Level
 Corpse Rot               Necr/Pois/Air  0%         N/A       100%        4
 Dispel Undead            Necr           0%         3d6       100%        4
 Death Channel            Necr           0%         N/A       100%        6


Dungeon Overview and Level Annotations

Branches:
Dungeon (5/15)
 Temple: D:4-7

Altars:
Ashenzari

Shops:
D:1 (   D:2 [

Annotations:
D:4 Dowan, Duvessa, Grinder


Innate Abilities, Weirdness & Mutations

You are immune to sickness and miasma.
Your stone body is resilient. (AC +4)
You are immune to poison.
You resist negative energy. (rN+)
You are resistant to electric shocks. (rElec)
You are resistant to unholy torment.
You are immune to petrification.


Message History

The orc hits you but does no damage. x2
You closely miss the orc.
The orc is heavily wounded.
The orc hits you but does no damage.
You hit the orc but do no damage.
The orc is heavily wounded.
The orc hits you but does no damage.
You thump the orc!
You kill the orc!
No target in view!
No target in view!
No target in view!
No target in view!
No target in view!
No target in view!
No target in view!
No target in view!
You see here a +0 dagger.
Found a stone staircase leading down.
An ogre comes into view. It is wielding a +0 giant spiked club.
The ogre shouts!
An ogre is nearby!
The ogre hits you with a +0 giant spiked club!
You barely miss the ogre.
The ogre hits you with a +0 giant spiked club!
You hit the ogre but do no damage.
The ogre hits you with a +0 giant spiked club.
You barely miss the ogre.
You feel very mighty all of a sudden. You block the ogre's attack.
You hit the ogre.
The ogre is moderately wounded.
The ogre hits you with a +0 giant spiked club!
* * * LOW HITPOINT WARNING * * *
You sock the ogre!
The ogre is severely wounded.
You closely miss the ogre.
The ogre is severely wounded.
The ogre hits you with a +0 giant spiked club!
You die...

######
#####....#######
#............><#
#.###.##.#####.#
#.##.# #.# ####
#.##.# #.# ... #
#)##.# #.#
#.###.###.##.# #.#
#..@O.##...#.# #.#
#..#####...#.# .(#
#..###.......##
#..##.........#
####..##...........
#.............#.####
#.##>.........#.# #
##.##.####.#.#
#.##.# .#


You could see an ogre.

Vanquished Creatures
  5 orc priests
  2 orc wizards
  Terence (D:3)
  Robin (D:4)
  A gnoll (D:1)
  7 adders
  2 worms
  4 dart slugs
  9 orcs
  3 bats
  2 endoplasms
  4 giant cockroaches
  13 goblins
  6 hobgoblins
  3 jackals (D:4)
  5 kobolds
  8 quokkas
  8 ball pythons
  6 frilled lizards
  5 rats
95 creatures vanquished.

Vanquished Creatures (others)
  A plant (D:4)
1 creature vanquished.

Grand Total: 96 creatures vanquished

Notes
Turn   | Place    | Note
-------+----------+-------------------------------------------
     0 | D:1      | greasedhog the Gargoyle Fighter began the quest for the
                  | Orb.
     0 | D:1      | Reached XP level 1. HP: 14/14 MP: 1/1
   159 | D:1      | Reached XP level 2. HP: 10/19 MP: 2/2
   856 | D:1      | Reached XP level 3. HP: 24/24 MP: 3/3
   858 | D:1      | Reached skill level 4 in Fighting
   920 | D:1      | Found Xuepraid's Weapon Boutique.
   978 | D:1      | Found a faded altar of an unknown god.
  1285 | D:2      | Found Votec's Antique Armour Emporium.
  1411 | D:2      | Reached XP level 4. HP: 28/30 MP: 4/4
  2013 | D:3      | Reached XP level 5. HP: 33/34 MP: 5/5
  2023 | D:3      | Reached skill level 5 in Fighting
  2212 | D:3      | Noticed Terence
  2218 | D:3      | Killed Terence
  2830 | D:3      | Reached XP level 6. HP: 28/40 MP: 6/6
  3033 | D:4      | Noticed Robin
  3061 | D:4      | Killed Robin
  3461 | D:4      | Found a broken altar of Ashenzari.
  3936 | D:4      | Reached skill level 6 in Fighting
  3936 | D:4      | Reached skill level 5 in Maces & Flails
  4409 | D:4      | Noticed Duvessa
  4409 | D:4      | Noticed Dowan
  4410 | D:4      | Noticed Grinder
  4437 | D:5      | Entered Level 5 of the Dungeon
  4520 | D:5      | Slain by an ogre

Illustrated notes

Levels and vault maps discovered:
D:1:      amcnicky_arrival_double_pillar, layout_basic, serial_shops,
          nicolae_shop_bloodbath_and_beyond, chequers_ecumenical_altar_simple
D:2:      layout_rooms, serial_shops, shop, minmay_misc_feat_chi,
          eino_tiny_chamber, grunt_decor_junction
D:3:      layout_basic, uniq_terence
D:4:      layout_gridville, mainiacjoe_overflow_cross_hatched,
          minmay_liquid_box, roderic_lattice_a, kennysheep_orc_chapel,
          uniq_grinder, uniq_robin, uniq_duvessa
D:5:      layout_loops_ring

Skill      XL: |  1  2  3  4  5  6 |
---------------+-------------------+-----
Fighting       | 4 5 6 |  6.2
Maces & Flails | 3 4 5 |  5.2
Armour         | |  3.3
Shields        | |  3.2

Action                   |  1- 3 |  4- 6 || total
-------------------------+-------+-------++-------
Melee: Flail             |   115 |   252 ||   367
  Use: Scroll            |     3 |     4 ||     7
       Potion            |       |     2 ||     2
Armor: Scale mail        |   101 |   154 ||   255
       Plate armour      |       |   125 ||   125
Dodge: Dodged            |    56 |   156 ||   212
Block: Buckler           |    43 |    75 ||   118
